 Dungeon Crawl Stone Soup version 0.18.1-48-g4cf74bf (webtiles) character file.

34 Gargoyl the Skirmisher (level 3, -1/30 HPs)
             Began as a Demonspawn Abyssal Knight on Sept 9, 2016.
             Was a Follower of Lugonu.
             Killed by nerve-wracking pain
             ... invoked by Jessica
              (6 damage)
             ... on level 2 of the Dungeon.
             The game lasted 00:01:38 (947 turns).

Gargoyl the Skirmisher (Demonspawn Abyssal Knight)   Turns: 947, Time: 00:01:38

Health: -1/30      AC:  5    Str: 13    XL:     3   Next: 14%
Magic:  5/5        EV:  7    Int: 13    God:    Lugonu [*.....]
Gold:   56         SH:  0    Dex: 12    Spells: 0 memorised, 2 levels left

rFire  . . .     SeeInvis .     a - +1 hand axe
rCold  . . .     Gourm    .     d - +0 ring mail
rNeg   . . .     Faith    .     (no shield)
rPois  .         Spirit   .     (helmet restricted)
rElec  .         Dismiss  .     (no cloak)
rCorr  .         Reflect  .     (no gloves)
SustAt .         Harm     .     (no boots)
MR     .....                    (no amulet)
Stlth  +.........               (no ring)
                                (no ring)

@: very slightly contaminated, hasted, constricted, very quick, not resistant to
hostile enchantments, very unstealthy
A: horns 1
a: Depart the Abyss, Renounce Religion


You were on level 2 of the Dungeon.
You worshipped Lugonu.
Lugonu was aware of your devotion.
You were not hungry.

You visited 1 branch of the dungeon, and saw 2 of its levels.
You visited the Abyss 1 time.

You collected 56 gold pieces.

Inventory:

Hand Weapons
 a - a +1 hand axe (weapon)
Missiles
 h - 3 tomahawks (quivered)
Armour
 d - a +0 ring mail (worn)
Scrolls
 b - a scroll of recharging {unknown}
 e - a scroll of fear {unknown}
 g - a scroll of enchant armour {unknown}
 i - 3 scrolls of enchant weapon {unknown}
 k - a scroll of magic mapping {unknown}
Comestibles
 c - 3 bread rations
 j - 2 fruits


   Skills:
 + Level 3.7 Fighting
 + Level 1.9 Axes
 * Level 2.2 Armour
 + Level 1.0 Dodging
 + Level 2.7 Invocations


You had 2 spell levels left.
You didn't know any spells.

Dungeon Overview and Level Annotations

Branches:
Dungeon (2/15)

Altars:

Annotations:
D:2 Jessica


Innate Abilities, Weirdness & Mutations

You have a pair of small horns on your head.


Message History

* * * LOW HITPOINT WARNING * * *
The ball python bites you but does no damage.
The ball python constricts you.
Drink which item? (? for menu, Esc to quit)
It was a potion of haste.
You feel yourself speed up. Jessica closely misses you.
The ball python bites you but does no damage.
The ball python constricts you.
Jessica zaps a wand.
The puff of flame hits you!
* * * LOW HITPOINT WARNING * * *
You are very lightly contaminated with residual magic.
You closely miss Jessica.
Jessica is moderately wounded.
Your ring mail prevents you from hitting the ball python.
The ball python is severely wounded.
The ball python bites you but does no damage.
The ball python constricts you.
Jessica points at you and mumbles some strange words.
Pain shoots through your body!
You die...

###########
#####..........
#....S.........
#..@@.# #.#.#.#
# #...# ###.#
..# #.# #.# ...


You could see Jessica and a ball python.

Vanquished Creatures
  An adder (D:1)
  2 giant geckos (D:1)
  2 bats (D:1)
  2 giant cockroaches (D:1)
  3 goblins (D:1)
  2 hobgoblins (D:1)
  4 kobolds (D:1)
  2 giant newts (D:1)
  3 rats (D:1)
21 creatures vanquished.

Notes
Turn   | Place    | Note
--------------------------------------------------------------
     0 | Abyss:1  | Gargoyl the Demonspawn Abyssal Knight began the quest for the Orb.
     0 | Abyss:1  | Reached XP level 1. HP: 18/18 MP: 2/2
    33 | Abyss:1  | Found a corrupted altar of Lugonu.
    71 | Abyss:1  | Noticed a thrashing horror
    73 | D:1      | Escaped the Abyss
    75 | D:1      | Noticed a minotaur zombie
    80 | D:1      | Noticed a merfolk zombie
   183 | D:1      | Gained mutation: You have a pair of small horns on your head. [demonic ancestry]
   183 | D:1      | Reached XP level 2. HP: 24/24 MP: 3/3
   321 | D:1      | Reached * piety under Lugonu
   417 | D:1      | Reached skill level 1 in Dodging
   826 | D:2      | Noticed Jessica
   837 | D:1      | Reached XP level 3. HP: 23/30 MP: 3/5
   947 | D:2      | Killed from afar by Jessica

Skill      XL: |  1  2 |
---------------+-------+-----
Armour         | 2 |  2.2
Dodging        | 1 |  1.0
Fighting       | |  3.7
Axes           | |  1.9
Invocations    | |  2.7

Action                   || total
-------------------------++-------
Melee: Hand axe          ||    53
       Headbutt          ||     9
Invok: Depart the Abyss  ||     1
  Use: Potion            ||     1
Armor: Ring mail         ||    35
Dodge: Dodged            ||    38
